Map: Abyssal Reef LE

Players

Erfeyah

  • Race: Terran Terran
  • Spawn Location: 5:00

A.I. 1 (Easy) - Winner!

  • Race: Protoss Protoss
  • Spawn Location: 11:00

VOD

Have the link to the VOD?

Description

Time

  • Played on: Nov. 22, 2017, 4:58 p.m.
  • Length: 28:34
Show
View Real Time Build Order
Export as new Build Order

Erfeyah Terran 

Build Orders:  

Get SALT Encoding   

  12  0:04  SCV  
  13  0:54  Supply Depot  
  13  0:58  SCV  
  14  1:21  Barracks  
  14  1:26  SCV  
  15  1:33  Refinery  
  15  1:48  Supply Depot  
  15  2:17  SCV  
  16  2:31  Barracks  
  16  2:40  SCV  
  17  2:45  Marine  
  18  3:04  Marine  
  20  3:12  SCV  
  20  3:22  Marine  
  21  3:33  Command Center  
  21  3:47  SCV  
  22  3:52  Marine  
  22  3:53  Marine  
  24  4:10  Marine  
  24  4:12  Marine  
  26  4:18  Refinery  
  26  4:44  Supply Depot  
  26  4:54  Marine x2  
  28  5:11  Marine  
  28  5:12  Marine  
  30  5:29  Marine x2  
  32  5:40  Barracks  
  32  5:47  Marine  
  33  6:12  Reaper  
  33  6:13  Reaper  
  35  6:27  Barracks  
  35  6:44  Reaper  
  35  6:45  Marine  
  37  6:48  SCV  
  38  6:58  SCV  
  38  7:00  SCV  
  40  7:02  Marine  
  41  7:12  SCV  
  42  7:16  Marine  
  42  7:20  Marine  
  44  7:34  Marine  
  45  7:38  Marine  
  39  7:52  Marine  
  39  8:02  Marine  
  40  8:09  Marine x2  
  40  8:10  Marine  
  43  8:14  SCV  
  43  8:16  SCV  
  45  8:28  SCV  
  45  8:33  SCV  
  47  8:45  SCV  
  48  8:58  SCV  
  49  9:10  Reaper x4  
  53  9:37  Factory  
  53  10:16  SCV  
  54  10:57  Supply Depot  
  54  11:18  SCV x2, Marine, Reaper x3  
  54  11:20  Supply Depot  
  60  11:30  SCV x2  
  62  11:41  Marine  
  62  11:42  Supply Depot  
  62  11:46  SCV  
  64  11:47  SCV  
  64  11:50  Marine x3  
  68  11:59  Marine  
  69  12:05  Supply Depot, Refinery  
  69  12:08  Marine x3  
  72  12:17  Reaper  
  73  12:26  Reaper x3  
  73  12:29  Supply Depot, Refinery  
  76  12:35  Command Center  
  73  12:49  Reaper  
  71  12:52  Supply Depot  
  66  13:12  Reaper x2  
  68  13:13  Reaper  
  68  13:15  Supply Depot  
  69  13:21  Reaper  
  70  13:31  Factory Reactor  
  70  13:46  SCV  
  70  13:47  SCV  
  72  14:40  SCV  
  72  14:41  SCV  
  74  14:53  SCV  
  75  15:05  SCV  
  76  15:11  SCV  
  77  15:18  SCV  
  78  15:23  SCV  
  79  15:37  Supply Depot  
  79  16:00  Supply Depot  
  79  16:09  Reaper x2  
  79  16:10  Reaper x2  
  82  16:22  Supply Depot  
  82  16:25  SCV  
  83  16:37  SCV  
  84  16:41  Reaper x2  
  84  16:42  Reaper  
  84  16:43  Reaper  
  84  16:45  Supply Depot  
  88  16:49  SCV  
  89  17:01  SCV  
  90  17:13  SCV  
  91  17:50  Barracks  
  91  18:08  SCV  
  91  18:09  SCV x2  
  94  18:21  SCV  
  94  18:26  Supply Depot  
  95  18:33  SCV  
  96  18:38  Barracks  
  96  18:45  SCV  
  97  18:50  Supply Depot  
  97  18:57  SCV  
  98  19:13  Supply Depot  
  98  19:28  Barracks  
  98  19:37  Supply Depot  
  98  20:00  Supply Depot  
  92  20:17  Barracks  
  91  20:23  Supply Depot  
  91  20:46  Supply Depot  
  91  20:54  Barracks  
  91  21:07  Supply Depot  
  91  21:13  Reaper x2  
  91  21:14  Reaper x2  
  95  23:03  Refinery  
  95  23:09  Reaper x2  
  95  23:10  Reaper x2  
  99  23:27  Refinery  
  99  23:41  Reaper  
  99  23:42  Reaper x3  
  86  24:13  Reaper  
  86  24:14  Reaper x3  
  85  24:43  Command Center  
  85  24:46  Reaper x4  
  65  25:18  Reaper x3  
  68  25:51  Barracks Tech Lab  
  68  25:56  Barracks Tech Lab  
  68  26:01  Barracks Tech Lab  
  68  26:29  Marauder x3  
  74  26:50  Marauder x2  
  74  26:51  Marauder  
  80  27:01  Barracks Tech Lab  
  80  27:12  Marauder x3  
  86  27:20  Barracks  
  86  27:33  Marauder x3  
  62  27:54  Marauder x2  
  62  27:55  Marauder  
  62  27:58  Marauder  
Show
View Real Time Build Order
Export as new Build Order

A.I. 1 (Easy) Protoss - Winner!

Build Orders:  

Get SALT Encoding   

  12  0:00  Probe  
  13  0:13  Probe  
  14  0:19  Pylon  
  14  0:25  Probe  
  15  0:37  Probe  
  15  0:39  Gateway  
  16  0:44  Assimilator  
  16  0:54  Pylon  
  16  1:18  Assimilator  
  16  1:27  Cybernetics Core  
  16  1:32  Zealot  
  18  2:05  Adept  
  18  2:07  Pylon  
  20  2:10  Warp Gate  
  20  2:15  Probe  
  21  2:27  Probe  
  22  2:39  Probe, Stalker  
  25  2:51  Probe  
  26  3:03  Probe  
  27  3:13  Adept  
  27  3:16  Probe  
  30  3:46  Stalker  
  32  7:00  Probe, Stalker  
  35  7:01  Pylon  
  35  7:09  Nexus  
  35  7:21  Robotics Facility  
  35  7:24  Pylon  
  35  7:25  Stalker  
  31  7:49  Sentry  
  29  8:10  Observer  
  30  8:13  Adept  
  32  8:21  Probe  
  32  8:25  Probe  
  34  8:28  Assimilator  
  34  8:31  Observer, Assimilator  
  34  8:33  Probe  
  36  8:37  Probe  
  36  8:38  Zealot  
  39  8:45  Probe  
  40  8:49  Probe  
  41  8:57  Probe  
  41  9:02  Probe, Stalker  
  45  9:09  Probe  
  46  9:14  Probe  
  47  9:21  Probe  
  48  9:26  Probe, Stalker  
  51  9:34  Probe  
  51  9:38  Probe  
  53  9:46  Probe  
  53  9:50  Probe  
  55  9:58  Probe  
  56  10:02  Probe  
  57  10:10  Probe  
  58  10:14  Probe  
  59  10:22  Probe  
  59  10:26  Probe  
  61  10:34  Probe  
  62  12:04  Warp Prism  
  62  12:05  Zealot  
  62  12:07  Gateway  
  66  12:09  Forge  
  66  12:12  Robotics Bay  
  66  12:14  Stargate  
  66  12:19  Pylon  
  66  12:40  Warp Prism  
  66  12:44  Pylon  
  66  12:45  Protoss Ground Weapons Level 1  
  64  12:52  Zealot  
  64  12:57  Gateway  
  58  13:00  Observer Gravitic Boosters  
  56  13:07  Sentry  
  58  13:16  Observer  
  59  13:23  Stalker  
  61  13:31  Nexus  
  61  13:39  Stalker  
  63  13:54  Void Ray  
  67  13:57  Gravitic Drive  
  67  14:39  Protoss Ground Armor Level 1  
  67  14:45  Probe  
  68  14:49  Probe  
  69  14:54  Probe  
  69  14:58  Probe, Assimilator x2  
  71  15:46  Protoss Air Weapons Level 1, Stalker  
  71  15:49  Twilight Council  
  73  16:00  Stalker  
  75  16:13  Zealot  
  65  16:27  Zealot  
  67  16:33  Protoss Ground Weapons Level 2  
  67  16:40  Stalker  
  69  17:41  Protoss Air Armor Level 1  
  69  18:45  Nexus  
  69  18:49  Protoss Ground Armor Level 2  
  69  19:41  Sentry  
  71  19:51  Sentry  
  73  20:05  Assimilator, Zealot  
  71  20:07  Assimilator  
  67  20:15  Zealot  
  65  20:26  Stalker  
  67  20:37  Stalker  
  69  20:48  Stalker  
  71  20:58  Stalker  
  73  23:33  Zealot  
  75  23:41  Zealot  
  77  23:50  Stalker  
  79  23:58  Void Ray  
  79  24:07  Zealot  
  79  24:16  Zealot  
  71  24:24  Sentry  
  73  24:33  Sentry  
  75  24:41  Stalker  
  77  24:50  Stalker  
  78  24:59  Stalker  
  78  25:08  Stalker  
  80  25:22  Void Ray  
  84  25:37  Immortal  
  84  25:42  Nexus  
  88  25:51  Zealot  
  90  26:55  Probe  
  91  27:01  Assimilator  
  91  27:02  Assimilator  
  91  27:15  Void Ray  
Tags
 
Add a new tag
Caveats
  • Supply blocks, unpowered buildings, or Contaminate may cause inaccurate times.
  • Supply counts are checked every 10 seconds.